 Dungeon Crawl Stone Soup version 0.30-a0-404-g0b3c3f4973 (webtiles) character file.

Game seed: 15265353674904975443

14 MackTheKnife the Sneak (level 2, -2/25 HPs)
             Began as an Armataur Wanderer on Dec 7, 2022.
             Succumbed to a kobold's poison
             ... on level 1 of the Dungeon.
             The game lasted 00:00:46 (243 turns).

MackTheKnife the Sneak (Armataur Wanderer)           Turns: 243, Time: 00:00:46

Health: -2/25      AC:  5    Str: 16    XL:     2   Next: 27%
Magic:  3/3        EV:  9    Int: 10    God:
Gold:   0          SH:  0    Dex: 12    Spells: 2/3 levels left

rFire   . . .      SeeInvis .    a - +0 quarterstaff (vorpal) {staff}
rCold   . . .      Faith    .    (shield currently unavailable)
rNeg    . . .      Spirit   .    d - +0 leather armour
rPois   .          Reflect  .    (no helmet)
rElec   .          Harm     .    (no cloak)
rCorr   .          Roll     +    b - +0 pair of gloves
Will    .....                    (no barding)
Stlth   ++........               (no amulet)
HPRegen 0.24/turn                (no ring)
MPRegen 0.08/turn                (no ring)

@: lethally poisoned (-2 -> -15)
A: large, rugged brown scales 3, deformed body, armoured tail, roll, long
tongue, awkward tongue
a: no special abilities


You were on level 1 of the Dungeon.
You visited 1 branch of the dungeon, and saw 1 of its levels.


Innate Abilities, Weirdness & Mutations

You are completely covered in rugged brown scales. (AC +3, +7% HP)
Armour fits poorly on your strangely shaped body.
You have a long armoured tail.
You roll when moving toward enemies. (Rampage)
Your long tongue fully drains potion bottles. (2x potion effects)
Your tongue gives you trouble enunciating. (1.5x scroll delay)


   Skills:
 + Level 1.8 Fighting
 - Level 2.6 Staves
 - Level 3.2 Stealth
 - Level 1.0 Spellcasting
 - Level 3.0 Translocations


You had 2 spell levels left.
You knew the following spells:

 Your Spells              Type           Power      Damage    Failure   Level
a - Apportation           Tloc           12%        N/A       12%         1

Your spell library contained the following spells:

 Spells                   Type           Power      Damage    Failure   Level
 Vhi's Electric Charge    Tloc/Air       6%         N/A       56%         3

Inventory:

Hand Weapons
 a - a +0 vorpal quarterstaff (weapon) {staff}
Armour
 b - a +0 pair of gloves (worn)
 d - a +0 leather armour (worn)
 f - a +0 scale mail
   (You found it on level 1 of the Dungeon)
 g - a +0 ring mail
   (You found it on level 1 of the Dungeon)
Scrolls
 e - a scroll of summoning {unknown}
 h - a scroll of blinking {unknown}
Potions
 c - a potion of attraction {!q}

Dungeon Overview and Level Annotations

Branches:
Dungeon (1/15) Zot: 5753

Altars:

............
......................
#..$...##..##.#.......
#......+...##.##.#####
#......##.............
#......##S.##.##.##.##
#......##..##.##.##.#
###......##..##.##.##.##
+......@)...............
###..#####.#.#####..#..#
# .....# #..#..# ###.###
#.....# #.# #####.# #.#
.# #.. .# ### ##


There were no monsters in sight!


Message History

You see here 4 stones {throwing}.
A hobgoblin and a dart slug come into view.
Okay, then.
The hobgoblin shouts!
The dart slug launches a dart at you. The slug dart hits you. 😕 HP[-2]
You take 2 damage, and now have 15/17 hp.
The dart slug closely misses you.
You hit the dart slug.
A rat comes into view. 😕 HP[+1]
You sock the dart slug!
You kill the dart slug!
Found a stone staircase leading down.
The hobgoblin closely misses you.
You sock the hobgoblin!
You kill the hobgoblin!
You have reached level 2! 😕 HP[+7] MP[+1]
You now have 24 max hp (+7).
You regained 7 hp, and now have 23/24 hp.
Your mp is fully restored (3).
You roll towards the rat!
The rat barely misses you.
You closely miss the rat. The rat barely misses you. 😎 HP[+1]
Your hp is fully restored (24).
You barely miss the rat. The rat barely misses you. The rat bites you. 😕 HP[-3]
You take 3 damage, and now have 21/24 hp.
You hit the rat.
You kill the rat!
No target in view!
No target in view!
Okay, then.
h - a scroll labelled RUDIR UFOBIWKA 😎 HP[+3]
Your hp is fully restored (24).
An endoplasm comes into view.
An endoplasm is nearby!
The helpless endoplasm fails to defend itself.
You hit the endoplasm. The endoplasm freezes you.
You are frozen. 😕 HP[-2]
You take 2 damage, and now have 22/24 hp.
You hit the endoplasm.
You kill the endoplasm!
A ball python comes into view. 😎 HP[+2]
Your hp is fully restored (24).
You roll towards the ball python!
A kobold comes into view. It is wielding a +2 dagger of venom.
You roll towards the ball python!
A ball python comes into view.
The ball python hisses angrily.
You roll towards the ball python!
The helpless ball python fails to defend itself.
You sock the ball python!
You kill the ball python! 😎 HP[+1]
You now have 25 max hp (+1).
Your hp is fully restored (25).
You roll towards the kobold!
The helpless kobold fails to defend itself.
You hit the kobold.
Your tail-slap misses the kobold.
The kobold hits you with a +2 dagger of venom.
You are poisoned. 😕 HP[-1]
You take 1 damage, and now have 24/25 hp.
You barely miss the kobold.
You feel sick.
The kobold hits you with a +2 dagger of venom.
You are lethally poisoned!
The ball python bites you but does no damage.
The kobold hits you with a +2 dagger of venom.
You are more poisoned. 😮 HP[-7]
You take 7 damage, and now have 17/25 hp.
MASSIVE DAMAGE!! (PAUSE)
You hit the kobold.
You kill the kobold!
* * * LOW HITPOINT WARNING * * *
You feel extremely sick.
The ball python completely misses you. 😨 HP[-8]
You take 8 damage, and now have 9/25 hp.
MASSIVE DAMAGE!! (PAUSE)
* * * LOW HITPOINT WARNING * * *
You feel very sick.
You see here a +2 dagger of venom {short}. 😱 HP[-4]
You take 4 damage, and now have 5/25 hp.
Unknown command.
* * * LOW HITPOINT WARNING * * *
You feel very sick.
The ball python bites you but does no damage. 😱 HP[-3]
You take 3 damage, and now have 2/25 hp.
You hit the ball python but do no damage.
You tail-slap the ball python.
You kill the ball python!
You die...

Skill      XL: |  1 |
---------------+----+-----
Fighting       | 1 |  1.8
Staves         | |  2.6
Stealth        | |  3.2
Spellcasting   | |  1.0
Translocations | |  3.0

Action                   || total
-------------------------++-------
Melee: Quarterstaff      ||    20
       Tailslap          ||     1
 Stab: Sleeping          ||     3
Armor: Leather armour    ||     3
Dodge: Dodged            ||     9

Levels and vault maps discovered:
D:1:      elethiomel_arrival_infinity_welcomes_careful_drivers, layout_basic,
          st_stairs_13, patterned_corridor

Notes
Turn   | Place    | Note
-------+----------+-------------------------------------------
     0 | D:1      | MackTheKnife the Armataur Wanderer began the quest for the
                  | Orb.
     0 | D:1      | MackTheKnife set off with the following items: a +0 vorpal
                  | quarterstaff {staff}, a +0 pair of gloves, a potion of
                  | attraction {!q}, a +0 leather armour; and the following
                  | spell memorised: Apportation; and the following spells
                  | available to memorise: Vhi's Electric Charge.
     0 | D:1      | Reached XP level 1. HP: 14/14 MP: 2/2
     0 | D:1      | magus.rc [v1.9.6]
   118 | D:1      | Reached skill level 1 in Fighting
   188 | D:1      | Reached XP level 2. HP: 23/24 MP: 3/3
   241 | D:1      | HP: 5/25 [poisoned by a kobold]
   242 | D:1      | HP: 2/25 [poisoned by a kobold]
   243 | D:1      | Succumbed to a kobold's poison

Vanquished Creatures
  A dart slug (D:1)
  2 ball pythons (D:1)
  3 endoplasms (D:1)
  2 hobgoblins (D:1)
  A kobold (D:1)
  2 rats (D:1)
11 creatures vanquished.

Table legend:
 A = Non-vault XP
 B = Vault XP
 C = Vault XP percentage of total XP
 D = Non-vault monster count
 E = Vault monster count
 F = Vault count percentage of total count
                 A         B        C        D         E       F
            +---------+---------+-------+---------+---------+-------
      Total |      21 |       0 |   0.0 |      11 |       0 |   0.0
            +---------+---------+-------+---------+---------+-------
        D:1 |      21 |       0 |   0.0 |      11 |       0 |   0.0
            +---------+---------+-------+---------+---------+-------

Illustrated notes

Table legend:
 A = Kills in this place as a percentage of kills in entire the game.
 B = Kills by you in this place as a percentage of kills by you in the entire game.
 C = Kills by friends in this place as a percentage of kills by friends in the entire game.
 D = Other kills in this place as a percentage of other kills in the entire game.
 E = Experience gained in this place as a percentage of experience gained in the entire game.
 F = Experience gained in this place divided by the number of levels of this place that you have seen.
                   A       B       C       D       E      F
               +-------+-------+-------+-------+-------+----------------------
         Total | 100.0 | 100.0 |   N/A |   N/A | 100.0 |  21.0
       Dungeon | 100.0 | 100.0 |   N/A |   N/A | 100.0 |  21.0
               +-------+-------+-------+-------+-------+----------------------

Table legend: (Time is in decaauts)
 A = Elapsed time spent in this place.
 B = Non-inter-level travel time spent in this place.
 C = Inter-level travel time spent in this place.
 D = Time resting spent in this place.
 E = Time spent auto-exploring this place.
 F = Levels seen in this place.
 G = Mean time per level.
                   A        B        C        D        E       F      G
               +--------+--------+--------+--------+--------+-----+--------+
         Total |    246 |    246 |      0 |      0 |    188 |   1 |  246.0 |
       Dungeon |    246 |    246 |      0 |      0 |    188 |   1 |  246.0 |
               +--------+--------+--------+--------+--------+-----+--------+

Top non-repeatable levels by time:
     D:1: 246 daAuts
